Description

Build order practise

Replay - Serral v TYTY: Game 6 - Kairos Junction LE

Build Order

Get SALT Encoding   

  12  0:00  SCV  
  13  0:13  SCV  
  14  0:18  Supply Depot  
  14  0:25  SCV  
  14  0:27  Refinery  
  15  0:40  SCV  
  16  0:44  Barracks  
  16  0:52  SCV  
  17  1:04  SCV  
  18  1:16  SCV  
  19  1:31  Orbital Command, Reaper  
  20  1:43  Command Center  
  20  1:54  Factory  
  20  1:59  SCV  
  21  2:07  Supply Depot  
  21  2:09  Barracks Reactor  
  21  2:13  SCV  
  22  2:19  Refinery  
  22  2:25  SCV  
  23  2:41  Starport  
  24  2:48  Hellion x2  
  28  2:55  Barracks Tech Lab  
  29  2:59  Orbital Command  
  29  3:16  Hellion x2  
  34  3:23  Viking  
  38  3:41  Supply Depot  
  40  3:48  Factory Tech Lab  
  40  3:49  Marine x2  
  40  3:55  Banshee  
  46  4:01  Supply Depot  
  47  4:06  Marine  
  49  4:11  Siege Tank  
  49  4:13  Marine  
  54  4:22  Supply Depot  
  56  4:32  Liberator  
  56  4:34  Marine x2  
  61  4:46  Siege Tank  
  65  4:53  Marine x2  
  65  4:59  Command Center  
  69  5:11  Marine x2  
  72  5:16  Liberator  
  72  5:19  Siege Tank  
  75  5:27  Barracks x2  
  86  5:56  Siege Tank, Refinery x2  
  72  6:13  Orbital Command  
  72  6:14  Engineering Bay x2  
  68  6:31  Orbital Command  
  64  6:34  Barracks Reactor  
  64  6:45  Starport Reactor  
  64  6:46  Terran Infantry Weapons Level 1  
  68  6:48  Barracks x2  
  68  6:52  Stimpack  
  70  6:56  Siege Tank  
  77  7:03  Terran Infantry Armor Level 1  
  83  7:21  Medivac x2  
  91  7:26  Bunker  
  94  7:33  Siege Tank  
  94  7:35  Barracks Tech Lab  
  102  7:38  Barracks Reactor  
  102  7:41  Refinery  
  107  7:52  Medivac  
  107  7:57  Combat Shield  
  115  8:08  Siege Tank  
  120  8:19  Medivac  
  129  8:29  Barracks x2  
  130  8:35  Marauder x2  
  130  8:36  Medivac  
  134  8:45  Armory, Siege Tank  
  143  8:57  Marauder  
  143  8:59  Medivac  
  153  9:14  Marauder x2  
  156  9:18  Barracks Reactor x2  
  163  9:27  Siege Tank  
  167  9:33  Terran Infantry Weapons Level 2  
  169  9:40  Marauder  
  169  9:43  Medivac  
  159  9:53  Terran Infantry Armor Level 2  
Spawning Tool Build Advisor. Get it on Overwolf

Go to:

Details

  • Created by: Mediceye
  • Published on: Jul 12, 2019
  • Modified on: Jul 12, 2019
  • Patch: 4.7.1
Show
View Real Time Build Order
Export as new Build Order

Comments (0)

There are no comments. Be the first!

Create an account to comment!